 Dungeon Crawl Stone Soup version 0.26.0-10-g1f06aea511 (webtiles) character file.

Game seed: 3989870672283774369

15816 Dirian the Carver (level 12, -1/108 HPs)
             Began as a Minotaur Fighter on Jan 20, 2021.
             Killed from afar by Frances (39 damage)
             ... with a shard of ice
             ... on level 12 of the Dungeon.
             The game lasted 00:23:00 (12958 turns).

Dirian the Carver (Minotaur Fighter)               Turns: 12958, Time: 00:23:00

Health: -1/108     AC: 16    Str: 27    XL:     12   Next: 4%
Magic:  11/11      EV: 11    Int:  5    God:
Gold:   596        SH: 17    Dex: 12    Spells: 11/11 levels left

rFire    + . .     SeeInvis +   J - +2 scimitar
rCold    . . .     Faith    .   p - +2 kite shield
rNeg     + + .     Spirit   .   o - +3 ring mail "Poent" {rF+ rN++ Will+ Str+3}
rPois    +         Reflect  +   (helmet restricted)
rElec    .         Harm     .   G - +2 cloak
rCorr    .         Rampage  .   E - +2 pair of gloves
Will     +....                  (no boots)
Stlth    +.........             a - amulet of reflection
HPRegen  0.28/turn              w - ring of poison resistance
MPRegen  0.12/turn              m - ring of see invisible

@: hasted, very quick
A: retaliatory headbutt, horns 2
a: no special abilities


You were on level 12 of the Dungeon.
You visited 2 branches of the dungeon, and saw 13 of its levels.

You collected 596 gold pieces.

Inventory:

Hand Weapons
 c - a +2 falchion of freezing
 u - a +4 vorpal long sword
 J - a +2 scimitar (weapon)
Armour
 l - a +1 chain mail
 o - the +3 ring mail "Poent" (worn) {rF+ rN++ Will+ Str+3}
   (You found it on level 6 of the Dungeon)

   It affects your strength (+3).
   It protects you from fire.
   It greatly protects you from negative energy.
   It affects your willpower, your defense against some magical effects.
 p - a +2 kite shield (worn)
 B - a +0 plate armour
 E - a +2 pair of gloves (worn)
 G - a +2 cloak (worn)
Jewellery
 a - an amulet of reflection (around neck)
 m - a ring of see invisible (right hand)
 v - an uncursed ring of resist corrosion
 w - a ring of poison resistance (left hand)
Wands
 i - a wand of enslavement (25)
 k - a wand of random effects (15)
 D - a wand of flame (46)
Scrolls
 t - 6 scrolls of teleportation
 x - 9 scrolls of remove curse
 y - a scroll of acquirement
 C - a scroll of magic mapping
 F - 2 scrolls of immolation
Potions
 b - a potion of ambrosia
 d - a potion of might
 e - 6 potions of flight
 f - 8 potions of lignification
 g - 2 potions of mutation
 h - 2 potions of haste
 j - 3 potions of attraction
 n - 2 potions of resistance
 q - 4 potions of curing
 s - a potion of brilliance {unknown}
 z - 2 potions of heal wounds {unknown}
 A - 3 potions of invisibility {unknown}
 H - a potion of cancellation {unknown}
 I - a potion of berserk rage {unknown}


   Skills:
 + Level 10.7 Fighting
 + Level 14.8 Long Blades
 + Level 9.0 Armour
 - Level 5.0 Dodging
 - Level 5.0 Shields
 * Level 8.0 Evocations


You had 11 spell levels left.
You didn't know any spells.
Your spell library contained the following spells:

 Spells                   Type           Power        Failure   Level
 Magic Dart               Conj           0%           95%         1
 Poisonous Vapours        Pois/Air       0%           99%         2
 Searing Ray              Conj           0%           99%         2
 Conjure Flame            Conj/Fire      0%           100%        3
 Dazzling Flash           Conj/Hex       0%           100%        3
 Mephitic Cloud           Conj/Pois/Air  0%           100%        3
 Cause Fear               Hex            0%           100%        4
 Fulminant Prism          Conj/Hex       0%           100%        4
 Iskenderun's Mystic Bla  Conj/Tloc      0%           100%        4
 Bolt of Magma            Conj/Fire/Erth 0%           100%        5
 Iskenderun's Battlesphe  Conj           0%           100%        5
 Silence                  Hex/Air        0%           100%        5
 Yara's Violent Unravell  Hex/Tmut       0%           100%        5
 Freezing Cloud           Conj/Ice/Air   0%           100%        6
 Iron Shot                Conj/Erth      0%           100%        6
 Orb of Destruction       Conj           0%           100%        7
 Spellforged Servitor     Conj/Summ      0%           100%        7
 Discord                  Hex            0%           100%        8


Dungeon Overview and Level Annotations

Branches:
Dungeon (12/15)            Temple (1/1) D:7            Lair (0/6) D:10
    Orc: D:9-12

Altars:
Ashenzari
Cheibriados
Dithmenos
Elyvilon
Fedhas
Gozag
Hepliaklqana
Kikubaaqudgha
Makhleb
Nemelex Xobeh
Okawaru
Qazlal
Ru
Sif Muna
Trog
Uskayaw
Vehumet
Wu Jian
Xom
Yredelemnul
Zin
The Shining One

Shops:
D:8 =   D:9 [

Annotations:
D:7 exclusion: statue
D:11 1 runed translucent door
D:12 Frances


Innate Abilities, Weirdness & Mutations

You reflexively headbutt those who attack you in melee.
You have a pair of horns on your head.


Message History

You hit the hellwing. You headbutt the hellwing.
The hellwing is heavily wounded.
You block the hellwing's attack. Frances hits you with a +0 war axe!
You closely miss Frances. You headbutt Frances, but do no damage.
Frances is severely wounded.
You block the phantom's attack. The ufetubus completely misses you.
The ufetubus closely misses you. The ynoxinul closely misses you.
You furiously retaliate!
You headbutt the ynoxinul. You slice Frances!!
Frances is severely wounded.
You block the ufetubus's attack. x2; The neqoxec barely misses you.
You block the hellwing's attack. The hellwing misses you.
You block the ufetubus's attack.
The ufetubus hits you but does no damage.
The phantom hits you.
The phantom blinks!
You slash Frances!
Frances is almost dead.
Frances whispers indecipherable words.
The shard of ice hits you!!!
You die...

###...#
....W#
#..#.#
....#
#...#
#5#5#
####54ยง#
#.<.3@3#
#...5#@#
#$#..#5#
#.(....#
#......#
#......#
#....#.#
..#..#.#


You could see Frances, a hellwing (summoned), a phantom, a neqoxec (summoned), a
ynoxinul (summoned) and 5 ufetubi.

Vanquished Creatures
  A centaur warrior (D:9)
  2 two-headed ogres
  A cyclops (D:11)
  Maggie (D:8)
  A komodo dragon (D:10)
  3 trolls (D:11)
  Grinder (D:3)
  A wyvern (D:10)
  25 yaks
  A wraith (D:11)
  The ghost of rnawigator the Slasher, an amateur MiBe of Trog (D:4)
  Eustachio (D:3)
  Menkaure (D:4)
  A water moccasin (D:8)
  7 orc warriors
  2 ice beasts
  An eye of draining (D:9)
  3 black bears
  2 phantoms
  A sky beast (D:4)
  10 ogres
  6 centaurs
  A big kobold (D:11)
  8 bullfrogs
  2 gnoll sergeants
  5 scorpions
  A wyvern skeleton (D:10)
  12 killer bees
  16 wights
  3 howler monkeys
  A lava snake (D:10)
  3 gnoll shamans (D:5)
  3 quasits (D:4)
  5 orc priests
  A centaur zombie (D:8)
  9 orc wizards
  2 bullfrog skeletons
  Crazy Yiuf (D:4)
  5 hounds
  A jelly (D:5)
  6 centaur skeletons
  2 iguanas
  Natasha (thrice) (D:3)
  12 worker ants
  2 hound skeletons
  2 worker ant zombies
  36 gnolls
  14 adders
  2 shadow imps
  5 white imps
  3 ufetubi
  An ooze (D:7)
  An adder skeleton (D:5)
  An adder zombie (D:8)
  2 worms (D:3)
  A dart slug (D:1)
  5 leopard geckos
  36 orcs
  7 giant cockroaches
  6 goblins
  9 hobgoblins
  27 jackals
  12 kobolds
  5 quokkas
  3 ball pythons
  9 bats
  8 frilled lizards
  A jackal skeleton (D:4)
  A leopard gecko skeleton (D:8)
  6 rats
380 creatures vanquished.

Vanquished Creatures (others)
  8 fungi
  9 plants (D:10)
17 creatures vanquished.

Grand Total: 397 creatures vanquished

Notes
Turn   | Place    | Note
-------+----------+-------------------------------------------
     0 | D:1      | Dirian the Minotaur Fighter began the quest for the Orb.
     0 | D:1      | Reached XP level 1. HP: 19/19 MP: 0/0
   191 | D:1      | Reached XP level 2. HP: 26/27 MP: 1/1
   488 | D:1      | Reached skill level 1 in Evocations
   730 | D:2      | Reached XP level 3. HP: 19/33 MP: 2/2
   966 | D:2      | Reached skill level 3 in Long Blades
  1443 | D:2      | Reached skill level 1 in Dodging
  1458 | D:2      | Found a shadowy altar of Dithmenos.
  1771 | D:2      | Reached XP level 4. HP: 40/40 MP: 3/3
  2156 | D:3      | Noticed Natasha
  2160 | D:3      | Killed Natasha
  2216 | D:3      | Reached XP level 5. HP: 46/46 MP: 4/4
  2337 | D:3      | Noticed Natasha
  2340 | D:3      | Noticed Grinder
  2342 | D:3      | Killed Natasha
  2350 | D:3      | Paralysed by Grinder for 6 turns
  2357 | D:3      | Killed Grinder
  2358 | D:3      | Reached skill level 4 in Long Blades
  2358 | D:3      | Reached XP level 6. HP: 4/52 MP: 5/5
  2913 | D:3      | Noticed Natasha
  2924 | D:3      | Killed Natasha
  3222 | D:4      | Found a transporter.
  3222 | D:4      | Noticed rnawigator's ghost (amateur MiBe)
  3222 | D:4      | Noticed an orc warrior
  3227 | D:4      | Noticed Eustachio
  3293 | D:3      | Killed an orc warrior
  3294 | D:3      | Reached skill level 5 in Long Blades
  3294 | D:3      | Reached skill level 5 in Armour
  3352 | D:3      | Killed Eustachio
  3353 | D:3      | Reached XP level 7. HP: 19/60 MP: 6/6
  3562 | D:4      | Reached skill level 5 in Shields
  3714 | D:4      | Found a transporter.
  4002 | D:4      | Reached skill level 6 in Long Blades
  4105 | D:4      | Noticed Menkaure
  4111 | D:4      | Reached XP level 8. HP: 67/67 MP: 7/7
  4127 | D:4      | Killed Menkaure
  4128 | D:4      | Reached skill level 5 in Fighting
  4404 | D:4      | Found a runed translucent door.
  4405 | D:4      | Noticed Crazy Yiuf
  4557 | D:4      | Found a blossoming altar of Fedhas.
  4615 | D:4      | Killed Crazy Yiuf
  4646 | D:5      | Entered Level 5 of the Dungeon
  4946 | D:5      | Reached skill level 7 in Long Blades
  5031 | D:5      | Reached skill level 5 in Dodging
  5691 | D:4      | Reached skill level 8 in Long Blades
  5691 | D:4      | Reached XP level 9. HP: 53/75 MP: 8/8
  6488 | D:6      | Reached skill level 9 in Long Blades
  6488 | D:6      | Reached skill level 5 in Evocations
  7133 | D:6      | Got a slimy ring mail
  7177 | D:7      | Got a polished quarterstaff
  7195 | D:6      | Identified the +3 ring mail "Poent" {rF+ rN++ Will+ Str+3}
                  | (You found it on level 6 of the Dungeon)
  7231 | D:7      | Found a staircase to the Ecumenical Temple.
  7446 | D:7      | Found a radiant altar of Vehumet.
  7655 | D:7      | Reached skill level 10 in Long Blades
  7962 | Temple   | Entered the Ecumenical Temple
  8449 | D:8      | Noticed Maggie
  8470 | D:8      | Killed Maggie
  8471 | D:8      | Reached XP level 10. HP: 66/86 MP: 9/9
  8818 | D:8      | Found Onwarr's Jewellery Emporium.
  8901 | D:8      | Noticed a two-headed ogre
  8919 | D:8      | Killed a two-headed ogre
  8920 | D:8      | Reached skill level 11 in Long Blades
  9175 | D:8      | Identified the +4 quarterstaff "Jopafen" {flame, rElec
                  | rPois Str+4} (You found it on level 7 of the Dungeon)
  9184 | D:8      | Identified a scroll of acquirement
  9247 | D:9      | Reached skill level 12 in Long Blades
  9526 | D:9      | Found Ladygiony's Antique Armour Emporium.
  9686 | D:9      | Noticed a centaur warrior
  9692 | D:9      | Killed a centaur warrior
 10000 | D:9      | Reached XP level 11. HP: 88/95 MP: 8/10
 10282 | D:10     | Entered Level 10 of the Dungeon
 10472 | D:10     | Reached skill level 13 in Long Blades
 10988 | D:10     | Found a staircase to the Lair.
 11799 | D:11     | Reached skill level 14 in Long Blades
 11882 | D:11     | Reached skill level 10 in Fighting
 12396 | D:11     | Noticed a two-headed ogre
 12404 | D:11     | Killed a two-headed ogre
 12466 | D:11     | Found a runed translucent door.
 12488 | D:11     | Reached XP level 12. HP: 94/108 MP: 11/11
 12596 | D:11     | Noticed a deep elf annihilator
 12782 | D:4      | Killed rnawigator's ghost
 12940 | D:12     | Noticed Frances
 12958 | D:12     | Killed from afar by Frances

Illustrated notes

Levels and vault maps discovered:
D:1:      dpeg_arrival_windows_large_door, layout_loops_cross, chequers_avenue,
          minmay_pentomino_o2
D:2:      layout_loops_corners, grunt_dithmenos_smoke_and_mirrors
D:3:      layout_loops_ring, uniq_grinder, uniq_natasha
D:4:      layout_rooms, gammafunk_ghost_stat_death, fedhas_altar_4,
          uniq_menkaure, uniq_crazy_yiuf_cottage, uniq_eustachio
D:5:      lemuel_castle_with_subvaults [lemuel_castle_interior_carwin_2],
          layout_gridville
D:6:      layout_cave_pools, sword_in_stone
D:7:      layout_loops_ring, vehumet_statue, minmay_temple_entry_statues_pillars
D:8:      layout_basic, serial_shops, nicolae_shop_stone, uniq_maggie
D:9:      layout_roguey, serial_shops, nicolae_shop_window_shopping,
          minmay_crystal_water
D:10:     layout_stronghold, grunt_lair_entry_orc_guard_hut,
          kennysheep_generic_room_6
D:11:     layout_basic, minivault_13
D:12:     layout_stronghold, orc_0_dummy, nicolae_trove_entry_free_sample,
          amcnicky_mini_pool_medium, uniq_sonja, uniq_psyche, uniq_frances
Temple:   minmay_crystal_snake_temple

Skill      XL: |  1  2  3  4  5  6  7  8  9 10 11 |
---------------+----------------------------------+-----
Evocations     | 1 2 3 4 5 6 8 |  8.0
Long Blades    | 3 4 5 6 8 10 12 14 | 14.8
Armour         | 4 5 6 8 9 |  9.0
Shields        | 4 5 |  5.0
Dodging        | 1 2 3 4 5 |  5.0
Fighting       | 4 5 7 8 10 | 10.7

Action                   |  1- 3 |  4- 6 |  7- 9 | 10-12 || total
-------------------------+-------+-------+-------+-------++-------
Melee: Long sword        |   118 |   156 |   513 |    80 ||   867
       Headbutt          |    13 |    21 |   117 |   147 ||   298
       Scimitar          |       |       |       |   487 ||   487
  Use: Potion            |       |     2 |     3 |     1 ||     6
       Scroll            |       |     9 |     4 |     6 ||    19
Armor: Scale mail        |    67 |    53 |    21 |       ||   141
       Skin              |       |    10 |       |       ||    10
       Chain mail        |       |       |   133 |       ||   133
       Ring mail         |       |       |    50 |   134 ||   184
Dodge: Dodged            |    49 |    51 |   193 |   109 ||   402
Block: Kite shield       |    57 |    95 |   393 |   382 ||   927
       Reflection        |       |       |       |    10 ||    10
       Rpst.: Long sword |    16 |     9 |    62 |     1 ||    88
       Scimitar          |       |       |       |    17 ||    17
